 Dungeon Crawl Stone Soup version 0.23.2-33-g5129a83184 (console) character file.

Game seed: 6232009254151171136

254 FlyingSalmon the Spear-Bearer (level 6, -6/46 HPs)
             Began as a Merfolk Gladiator on July 26, 2019.
             Was an Initiate of Okawaru.
             Killed from afar by Ijyb (14 damage)
             ... with a wand of acid (8)
             ... on level 4 of the Dungeon.
             The game lasted 00:25:13 (3823 turns).

FlyingSalmon the Spear-Bearer (Merfolk Gladiator)   Turns: 3823, Time: 00:25:13

Health: -6/46      AC:  9    Str: 17    XL:     6   Next: 14%
Magic:  6/6        EV:  9    Int:  7    God:    Okawaru [......]
Gold:   157        SH:  0    Dex: 15    Spells: 5/5 levels left

rFire    . . .     SeeInvis .   a - +0 trident
rCold    . . .     Gourm    .   (no shield)
rNeg     . . .     Faith    +   x - +0 chain mail
rPois    +         Spirit   .   c - +0 helmet
rElec    .         Reflect  .   (no cloak)
rCorr    .         Harm     .   (no gloves)
MR       .....                  (no boots)
Stlth    ..........             q - amulet of faith
HPRegen  0.15/turn              r - ring of stealth
MPRegen  0.10/turn              v - ring of poison resistance

@: hasted, very quick
A: change form in water, swift swim, stealthy swim
a: Renounce Religion


You were on level 4 of the Dungeon.
You worshipped Okawaru.
Okawaru was noncommittal.
You were not hungry.

You visited 1 branch of the dungeon, and saw 5 of its levels.

You collected 157 gold pieces.

Inventory:

Hand Weapons
 a - a +0 trident (weapon)
Missiles
 d - 4 throwing nets
 h - 132 stones (quivered)
Armour
 c - a +0 helmet (worn)
 e - a +0 ring mail
 x - a +0 chain mail (worn)
Jewellery
 q - an amulet of faith (around neck)
 r - a ring of stealth (left hand)
 v - a ring of poison resistance (right hand)
Scrolls
 g - a scroll of identify
 l - 2 scrolls of remove curse
 o - a scroll of enchant armour
 u - a scroll of amnesia
Potions
 i - 2 potions of invisibility
 k - 2 potions of lignification
 m - a potion of mutation
 s - 2 potions of curing
 t - a potion of flight
Comestibles
 b - 3 chunks of flesh
 f - 7 rations


   Skills:
 + Level 2.8 Fighting
 * Level 8.5 Polearms
 - Level 2.0 Throwing
 + Level 1.1 Armour
 + Level 4.5 Dodging


You had 5 spell levels left.
You didn't know any spells.
Your spell library was empty.

Dungeon Overview and Level Annotations

Branches:
Dungeon (5/15)
 Temple: D:4-7

Altars:
Elyvilon
Nemelex Xobeh
Okawaru
Vehumet

Annotations:
D:4 Blork the orc, Edmund, Ijyb


Message History

You hit the ogre.
The ogre is moderately wounded.
You feel yourself speed up.
The ogre hits you with a +0 giant spiked club!!
* * * LOW HITPOINT WARNING * * *
A hound comes into view.
The hound barks!
There is a stone staircase leading up here.
Edmund shouts!
The hound bites you but does no damage.
Found a short sword.
Found 12 arrows.
Ijyb the Twisted Goblin comes into view.
She is carrying a wand of acid (8).
Ijyb shouts!
Ijyb moves out of view.
A worm comes into view.
There is a stone staircase leading up here.
The hound barely misses you. The hound bites you but does no damage.
Ijyb zaps a wand.
The bolt of acid hits you!
You die...

................#.
.....#w#..........
.....#.#.##.#..#.#
...#.$...##.#..#.### #
......#.##........#
....
......g..........##
#..####..............@
#....>..@.@.........#
#........h..........#
#........####..#....#
#..####..# #..#....#
#.. #.O# #..# .....
#..####..####..#.####.
##.........O..........
................####.
###.##..####..#.# #.
#..( ...#.# # #).#
###.#.#


You could see Edmund, an ogre, Ijyb, a worm and a hound.

Vanquished Creatures
  A scorpion (D:3)
  An orc priest (D:4)
  2 orc wizards (D:3)
  3 adders
  2 worms (D:2)
  A dart slug (D:1)
  5 leopard geckos
  8 orcs
  4 giant cockroaches
  7 goblins
  4 hobgoblins
  6 jackals
  6 kobolds
  3 quokkas (D:3)
  5 bats
  5 frilled lizards
  10 rats
73 creatures vanquished.

Notes
Turn   | Place    | Note
-------+----------+-------------------------------------------
     0 | D:1      | FlyingSalmon the Merfolk Gladiator began the quest for the
                  | Orb.
     0 | D:1      | Reached XP level 1. HP: 16/16 MP: 1/1
   286 | D:1      | Reached skill level 5 in Polearms
   289 | D:1      | Reached XP level 2. HP: 22/22 MP: 2/2
   815 | D:2      | Reached XP level 3. HP: 26/27 MP: 3/3
   995 | D:2      | Reached skill level 6 in Polearms
  1410 | D:2      | Reached XP level 4. HP: 34/34 MP: 4/4
  1555 | D:2      | Found a faded altar of an unknown god.
  1637 | D:2      | Found a radiant altar of Vehumet.
  1991 | D:3      | Found a white marble altar of Elyvilon.
  2064 | D:3      | Found an iron altar of Okawaru.
  2066 | D:3      | Found a sparkling altar of Nemelex Xobeh.
  2073 | D:3      | Became a worshipper of Warmaster Okawaru
  2383 | D:4      | Noticed Blork the orc
  2438 | D:4      | Noticed Edmund
  2465 | D:3      | Reached skill level 7 in Polearms
  2494 | D:3      | Reached XP level 5. HP: 13/39 MP: 5/5
  3107 | D:3      | Reached skill level 8 in Polearms
  3107 | D:3      | Reached skill level 1 in Armour
  3521 | D:3      | Reached XP level 6. HP: 26/46 MP: 6/6
  3772 | D:5      | Entered Level 5 of the Dungeon
  3819 | D:4      | Noticed Ijyb
  3823 | D:4      | Killed from afar by Ijyb

Skill      XL: |  1  2  3  4  5 |
---------------+----------------+-----
Polearms       | 5 6 7 8 |  8.5
Armour         | 1 |  1.1
Fighting       | |  2.8
Throwing       | |  2.0
Dodging        | |  4.5

Action                   |  1- 3 |  4- 6 || total
-------------------------+-------+-------++-------
Melee: Trident           |    76 |   176 ||   252
Throw: Stone             |    44 |    28 ||    72
  Use: Scroll            |     2 |     9 ||    11
       Potion            |       |     1 ||     1
  Eat: Chunk             |     2 |     7 ||     9
Armor: Leather armour    |     3 |       ||     3
       Ring mail         |    17 |    20 ||    37
       Scale mail        |       |    26 ||    26
       Chain mail        |       |    11 ||    11
Dodge: Dodged            |    28 |    89 ||   117
